 Dungeon Crawl Stone Soup version 0.31-a0-145-g046c7d2549 (webtiles) character file.

Game seed: 5513903785010038758

895 kae the Changer (level 7, 0/68 HPs)
             Began as a Yellow Draconian Transmuter on June 6, 2023.
             Was an Initiate of Ru.
             Slain by a sleepcap (4 damage)
             ... on level 5 of the Dungeon.
             The game lasted 00:05:39 (4322 turns).

kae the Changer (Yellow Draconian Transmuter)       Turns: 4322, Time: 00:05:39

Health: 0/68       AC:  6    Str: 13    XL:     7   Next: 78%
Magic:  28/31      EV: 10    Int: 15    God:    Ru [......]
Gold:   1256       SH:  0    Dex: 11    Spells: 4/14 levels left

rFire   x .          .
                       - Unarmed
rCold   + + +        (shield currently unavailable)
rNeg    . . .        (body armour unavailable)
rPois   +            (helmet currently unavailable)
rElec   .            l - melded +0 cloak
rCorr   .            (gloves currently unavailable)
SInv    .            i - melded +0 pair of boots
Will    .....        (no amulet)
Stlth   +            w - ring of magical power
HPRegen 0.31/turn    W - ring of magical power
MPRegen 0.22/turn

%: no passive effects
@: ice-form, wereblooded
A: freezing attack, amphibious, boosted hp, (spit acid), AC +6, large, unfitting
armour, (cold-blooded), (acid resistance)
a: End Transformation, Renounce Religion, Sacrifice Essence, Sacrifice Stealth,
Sacrifice Skill, Reject Sacrifices


You were on level 5 of the Dungeon.
You worshipped Ru.
Ru was noncommittal.
You were a creature of crystalline ice.
You visited 1 branch of the dungeon, and saw 5 of its levels.
You also visited: Sewer.

You collected 1256 gold pieces.


Innate Abilities, Weirdness & Mutations

You are a creature of crystalline ice.
You have a powerful freezing melee attack.
You are amphibious.
Your maximum health is increased.
Your armour is entirely melded.
You are incapable of wielding weapons or throwing items.
((You can spit globs of acid.))
((Your golden yellow scales are hard. (AC +6)))
You cannot fit into any form of body armour.
((You are cold-blooded and may be slowed by cold attacks.))
((You are resistant to acid. (rCorr)))


   Skills:
 + Level 3.1 Fighting
 - Level 1.7 Dodging
 + Level 4.0 Unarmed Combat
 + Level 4.1 Spellcasting
 + Level 5.3 Transmutations
 * Level 3.7 Ice Magic
 - Level 2.0 Poison Magic


You had 4 spell levels left.
You knew the following spells:

 Your Spells              Type           Power      Damage    Failure   Level
a - Beastly Appendage     Tmut           38%        N/A       1%          1
b - Wereblood             Tmut           19%        N/A       3%          2
c - Spider Form           Tmut/Pois      14%        N/A       12%         3
d - Ice Form              Ice/Tmut       16%        N/A       28%         4

Your spell library contained the following spells:

 Spells                   Type           Power      Damage    Failure   Level
 Passwall                 Tmut/Erth      9%         N/A       9%          2
 Ensorcelled Hibernation  Hex/Ice        16%        N/A       13%         2
 Kiss of Death            Conj/Necr      12%        2d6       19%         1
 Confusing Touch          Hex            3%         N/A       47%         3
 Swiftness                Air            3%         N/A       47%         3
 Volatile Blastmotes      Fire/Tloc      6%         2d10      47%         3
 Anguish                  Hex/Necr       1%         N/A       87%         4
 Animate Dead             Necr           3%         N/A       87%         4
 Dispel Undead            Necr           3%         3d7       87%         4
 Fulminant Prism          Conj/Hex       1%         3d5       87%         4
 Iskenderun's Mystic Bla  Conj/Tloc      3%         2d3       87%         4
 Borgnjor's Vile Clutch   Necr/Erth      1%         N/A       99%         5
 Lee's Rapid Deconstruct  Erth           1%         3d4*      99%         5
 Death Channel            Necr           1%         N/A       100%        6

Inventory:

Missiles
 c - 26 stones
 d - 9 poisoned darts
 k - 5 boomerangs
 u - 2 silver boomerangs
Armour
 i - a +0 pair of boots (melded)
   (You found it on level 3 of the Dungeon)
 l - a +0 cloak (melded)
   (You found it on level 3 of the Dungeon)
Jewellery
 w - a ring of magical power (left front paw)
   (You found it on level 3 of the Dungeon)
 W - a ring of magical power (right front paw)
   (You found it on level 3 of the Dungeon)
Wands
 n - a wand of iceblast (11)
   (You took it off Ijyb on level 3 of the Dungeon)
 y - a wand of paralysis (13)
   (You found it on level 4 of the Dungeon)
Scrolls
 g - a scroll of enchant armour
 h - 2 scrolls of magic mapping {!r}
 j - 3 scrolls of amnesia
 m - a scroll of immolation {!r!r}
 o - a scroll of silence {!r}
 p - a scroll of poison {!r}
 q - 2 scrolls of noise {!r}
 s - 4 scrolls of identify {@r1}
 v - a scroll of torment {!r}
 x - a scroll of vulnerability {!r!r}
Potions
 a - 3 potions of lignification {!q}
 b - a potion of heal wounds {@q2}
 e - a potion of ambrosia
 f - 3 potions of attraction {!q}
 r - a potion of might
 t - 3 potions of curing {@q1}

Dungeon Overview and Level Annotations

Branches:
Dungeon (5/15) Zot: 26225   Sewer (visited)
 Temple: D:4-7

Altars:
Cheibriados
Ru
Sif Muna
Yredelemnul
Zin

.........#...#
...............#
...............###..# .
.....................#
.. ...............##..#
... ?.............##
>... #........##.....
..... ##gg....##.##....
......#JgY..............
........fg..............
......).#)...#........#.
........#...##.#.....#
....!..........##....#
....)###.#.##..# ...
..#.. #.### #..# .. ....
... #... #.. .... ###


You could see a sleepcap, a gnoll bouda, a jelly and 3 gnolls.


Message History

Your +0 cloak unmelds from your body.
Your +0 pair of boots unmelds from your body.
Things that are here:
a +0 dagger; a +0 robe You now have 1256 gold pieces (gained 12).
c - 21 stones (gained 5)
c - 26 stones (gained 5)
A gnoll comes into view. It is wielding a +0 whip.
The gnoll shouts!
A gnoll comes into view. It is wielding a +0 whip. 😎 HP[-11]
You now have 57 max hp (-11).
Unknown command.
There are monsters nearby!
There are monsters nearby!
There are monsters nearby!
Casting: Ice Form (quite dangerous; 28% risk of failure)
Confirm with . or Enter, or press ? or * to list all spells.
The spell is quite dangerous to miscast (28% risk of failure)!
Continue anyway? [Y]es or [N]o only, please.
The spell is quite dangerous to miscast (28% risk of failure)!
Continue anyway?
You turn into a creature of crystalline ice.
Your +0 cloak melds into your body.
Your +0 pair of boots melds into your body. 😎 HP[+11] MP[-4]
You now have 68 max hp (+11).
Your hp is fully restored (68).
You lost 4 mp, and now have 27/31 mp.
Casting: Ice Form (dangerous; 28% risk of failure)
Confirm with . or Enter, or press ? or * to list all spells.
Your blood is infused with primal strength.
A gnoll bouda comes into view. It is wielding a +0 club. 😎 MP[-2]
You lost 2 mp, and now have 25/31 mp. 2 gnolls come into view.
The gnoll bouda shouts!
A gnoll comes into view. It is wielding a +4 flail.
The gnoll bouda barks out a call to the hunt!
The gnolls pick up the pace!
A sleepcap comes into view.
The gnoll shouts!
The gnoll shouts!
You punch the gnoll! You freeze the gnoll.
You kill the gnoll!
The gnoll shouts! 😎 MP[+1]
Found a stone staircase leading down.
A jelly comes into view.
The gnoll hits you with a +0 spear.
You hit the gnoll. You freeze the gnoll. The gnoll hits you with a +0 club.
The gnoll closely misses you. 😕 HP[-4]
You take 4 damage, and now have 64/68 hp.
You hit the gnoll. You freeze the gnoll.
The gnoll bouda hits you with a +0 club!
The sleepcap releases spores at you but does no damage.
The gnoll hits you with a +0 club. The gnoll barely misses you.
You hit the gnoll but do no damage.
The jelly jiggles.
The gnoll bouda hits you with a +0 club.
The sleepcap closely misses you. The gnoll hits you with a +0 club.
The gnoll hits you with a +0 spear. 😮 HP[-25] MP[+1]
You take 25 damage, and now have 39/68 hp.
MASSIVE DAMAGE!! (PAUSE)
You pummel the gnoll!! You freeze the gnoll.
You feel a bit better.
You kill the gnoll!
The gnoll bouda hits you with a +0 club!
* * * LOW HITPOINT WARNING * * *
The sleepcap releases spores at you but does no damage.
The gnoll hits you but does no damage. The gnoll hits you with a +0 whip.
* * * LOW HITPOINT WARNING * * *
😨 HP[-11]
You take 11 damage, and now have 28/68 hp.
Unknown command.
Okay, then.
The gnoll attacks as you move away! The gnoll completely misses you.
The sleepcap barely misses you.
The gnoll hits you but does no damage. 😨 HP[+1] Unknown command.
The gnoll bouda attacks as you move away!
The gnoll bouda hits you with a +0 club.
* * * LOW HITPOINT WARNING * * *
😨 HP[-5]
You take 5 damage, and now have 24/68 hp.
Unknown command.
Okay, then.
Okay, then.
Okay, then.
Okay, then.
Okay, then.
Okay, then.
You hit the gnoll bouda. You freeze the gnoll bouda.
The sleepcap releases spores at you.
* * * LOW HITPOINT WARNING * * *
You are engulfed in a cloud of soporific spores!
You fall asleep.
The gnoll hits you with a +0 club!!
You wake up.
* * * LOW HITPOINT WARNING * * *
The gnoll misses you. The sleepcap releases spores at you.
You die...

Skill      XL: |  1  2  3  4  5  6  7 |
---------------+----------------------+-----
Transmutations | 3 4 5 |  5.3
Poison Magic   | 1 2 |  2.0
Spellcasting   | 3 4 |  4.1
Ice Magic      | 1 2 3 |  3.7
Fighting       | 2 3 |  3.1
Unarmed Combat | 4 |  4.0
Dodging        | |  1.7

Action                     |  1- 3 |  4- 6 |  7- 9 || total
---------------------------+-------+-------+-------++-------
  Melee: Unarmed           |    83 |   194 |    58 ||   335
         Headbutt          |     8 |     7 |       ||    15
         Kick              |     6 |    15 |       ||    21
         Tailslap          |     4 |    13 |     3 ||    20
   Cast: Beastly Appendage |    14 |    19 |       ||    33
         Wereblood         |     2 |     4 |     2 ||     8
         Spider Form       |     2 |    19 |     5 ||    26
         Ice Form          |       |     1 |     3 ||     4
    Use: Scroll            |     4 |    13 |       ||    17
 Armour: Skin              |    23 |    33 |    20 ||    76
  Dodge: Dodged            |    49 |   153 |    44 ||   246

Levels and vault maps discovered:
D:1:      roderic_octagonal_star, layout_rooms, st_stairs_14
D:2:      layout_loops_cross, uniq_robin
D:3:      layout_basic, lemuel_crystal_altar, slow_altar_2, minitemple,
          uniq_ijyb, uniq_sigmund
D:4:      layout_gridville, portal_sewer_entry_f, kennysheep_generic_room_2
D:5:      gammafunk_cloud_chamber, layout_cave_pools, mainiacjoe_overflow_paths,
          elyvilon_altar_4

Notes
Turn   | Place    | Note
-------+----------+-------------------------------------------
     0 | D:1      | kae the Draconian Transmuter began the quest for the Orb.
     0 | D:1      | Reached XP level 1. HP: 16/16 MP: 3/3
     0 | D:1      | magus.rc [v1.11.3]
   218 | D:1      | Reached XP level 2. HP: 13/23 MP: 3/5
   331 | D:1      | You pick up a book of Blasting and begin reading...
   331 | D:1      | You add the spells Volatile Blastmotes, Fulminant Prism,
                  | Iskenderun's Mystic Blast and Lee's Rapid Deconstruction to
                  | your library.
   540 | D:2      | Learned a level 2 spell: Wereblood
   645 | D:2      | Reached skill level 3 in Transmutations
   656 | D:2      | Reached XP level 3. HP: 28/28 MP: 3/6
   660 | D:2      | Learned a level 3 spell: Spider Form
   713 | D:2      | You pick up a book of Unlife and begin reading...
   713 | D:2      | You add the spells Animate Dead, Borgnjor's Vile Clutch and
                  | Death Channel to your library.
   752 | D:2      | Noticed Robin
   756 | D:2      | Killed Robin
   949 | D:2      | Reached skill level 1 in Poison Magic
   949 | D:2      | Reached XP level 4. HP: 35/35 MP: 4/8
  1022 | D:2      | You pick up a book of Touch and begin reading...
  1022 | D:2      | You add the spells Kiss of Death, Confusing Touch and
                  | Dispel Undead to your library.
  1619 | D:3      | Identified a scroll of acquirement
  1619 | D:3      | Acquired 1036 gold pieces
  1698 | D:3      | Found a basalt altar of Yredelemnul.
  1825 | D:3      | Noticed Ijyb
  1834 | D:3      | Killed Ijyb
  1835 | D:3      | Reached skill level 4 in Transmutations
  1909 | D:3      | Reached skill level 3 in Spellcasting
  1919 | D:3      | Found a shimmering blue altar of Sif Muna.
  1930 | D:3      | Found a glowing silver altar of Zin.
  1934 | D:3      | Found a sacrificial altar of Ru.
  1976 | D:3      | Reached skill level 2 in Poison Magic
  1976 | D:3      | Reached XP level 5. HP: 35/40 MP: 6/9
  1994 | D:3      | Became a worshipper of Ru the Awakened
  2399 | D:3      | Learned a level 4 spell: Ice Form
  2519 | D:3      | Found a snail-covered altar of Cheibriados.
  2669 | D:3      | Noticed Sigmund
  2688 | D:3      | Killed Sigmund
  2689 | D:3      | Reached skill level 1 in Ice Magic
  2689 | D:3      | Reached XP level 6. HP: 25/48 MP: 3/11
  3042 | D:4      | Reached skill level 2 in Fighting
  3042 | D:4      | Reached skill level 2 in Ice Magic
  3053 | D:4      | Found a glowing drain.
  3085 | Sewer    | Entered a sewer
  3756 | D:4      | Reached skill level 5 in Transmutations
  3756 | D:4      | Your scales start taking on a golden yellow colour.
  3756 | D:4      | Reached XP level 7. HP: 56/56 MP: 12/12
  3756 | D:4      | Gained mutation: You are resistant to acid. (rCorr) [Yellow
                  | Draconian growth]
  3983 | D:4      | You pick up a book of Dreams and begin reading...
  3983 | D:4      | You add the spells Ensorcelled Hibernation and Anguish to
                  | your library.
  4235 | D:5      | Entered Level 5 of the Dungeon
  4241 | D:5      | Reached skill level 3 in Ice Magic
  4245 | D:5      | Reached skill level 4 in Spellcasting
  4255 | D:5      | Reached skill level 3 in Fighting
  4255 | D:5      | Reached skill level 4 in Unarmed Combat
  4276 | D:5      | You pick up a book of Burglary and begin reading...
  4276 | D:5      | You add the spells Passwall and Swiftness to your library.
  4322 | D:5      | HP: 4/68 [gnoll/+0 club[a gnoll bouda] (19)]
  4322 | D:5      | Slain by a sleepcap

Vanquished Creatures
  Sigmund (D:3)
  A black bear (D:5)
  An ogre (D:5)
  A scorpion (D:4)
  An orc priest (D:4)
  An iron imp (D:3)
  7 orc wizards
  Ijyb (D:3)
  Robin (D:2)
  2 gnolls (D:5)
  8 adders
  3 river rats (Sewer)
  2 worms
  A dart slug (D:1)
  18 orcs
  3 bats
  3 endoplasms
  5 giant cockroaches
  14 goblins
  7 hobgoblins
  4 quokkas
  9 ball pythons
  7 frilled lizards
  5 kobolds
  10 rats
116 creatures vanquished.

Vanquished Creatures (others)
  An orc (D:3)
1 creature vanquished.

Grand Total: 117 creatures vanquished

Table legend:
 A = Non-vault XP
 B = Vault XP
 C = Vault XP percentage of total XP
 D = Non-vault monster count
 E = Vault monster count
 F = Vault count percentage of total count
                 A         B        C        D         E       F
            +---------+---------+-------+---------+---------+-------
      Total |     823 |     456 |  35.7 |      76 |      40 |  34.5
            +---------+---------+-------+---------+---------+-------
        D:1 |      22 |       3 |  12.0 |      13 |       2 |  13.3
        D:2 |      81 |      37 |  31.4 |      17 |      12 |  41.4
        D:3 |     116 |     303 |  72.3 |      14 |       3 |  17.6
        D:4 |     260 |       8 |   3.0 |      24 |       4 |  14.3
        D:5 |     344 |       0 |   0.0 |       8 |       0 |   0.0
      Sewer |       0 |     105 | 100.0 |       0 |      19 | 100.0
            +---------+---------+-------+---------+---------+-------

Skill      XL: |  1  2  3  4  5  6  7 |
---------------+----------------------+-----
Transmutations | 3 4 5 |  5.3
Poison Magic   | 1 2 |  2.0
Spellcasting   | 3 4 |  4.1
Ice Magic      | 1 2 3 |  3.7
Fighting       | 2 3 |  3.1
Unarmed Combat | 4 |  4.0
Dodging        | |  1.7

Action                     |  1- 3 |  4- 6 |  7- 9 || total
---------------------------+-------+-------+-------++-------
  Melee: Unarmed           |    83 |   194 |    58 ||   335
         Headbutt          |     8 |     7 |       ||    15
         Kick              |     6 |    15 |       ||    21
         Tailslap          |     4 |    13 |     3 ||    20
   Cast: Beastly Appendage |    14 |    19 |       ||    33
         Wereblood         |     2 |     4 |     2 ||     8
         Spider Form       |     2 |    19 |     5 ||    26
         Ice Form          |       |     1 |     3 ||     4
    Use: Scroll            |     4 |    13 |       ||    17
 Armour: Skin              |    23 |    33 |    20 ||    76
  Dodge: Dodged            |    49 |   153 |    44 ||   246

Illustrated notes

Table legend:
 A = Kills in this place as a percentage of kills in the entire game.
 B = Kills by you in this place as a percentage of kills by you in the entire game.
 C = Kills by friends in this place as a percentage of kills by friends in the entire game.
 D = Other kills in this place as a percentage of other kills in the entire game.
 E = Experience gained in this place as a percentage of experience gained in the entire game.
 F = Experience gained in this place divided by the number of levels of this place that you have seen.
                   A       B       C       D       E      F
               +-------+-------+-------+-------+-------+----------------------
         Total | 100.0 | 100.0 |   N/A |   N/A | 100.0 | 213.2
       Dungeon |  83.6 |  83.6 |   N/A |   N/A |  91.8 | 234.8
         Sewer |  16.4 |  16.4 |   N/A |   N/A |   8.2 | 105.0
               +-------+-------+-------+-------+-------+----------------------

Table legend: (Time is in decaauts)
 A = Elapsed time spent in this place.
 B = Non-inter-level travel time spent in this place.
 C = Inter-level travel time spent in this place.
 D = Time resting spent in this place.
 E = Time spent auto-exploring this place.
 F = Levels seen in this place.
 G = Mean time per level.
                   A        B        C        D        E       F      G
               +--------+--------+--------+--------+--------+-----+--------+
         Total |   4353 |   4268 |     85 |    267 |   2968 |   6 |  725.5 |
       Dungeon |   3773 |   3688 |     85 |    238 |   2606 |   5 |  754.6 |
         Sewer |    579 |    579 |      0 |     29 |    362 |   1 |  579.0 |
               +--------+--------+--------+--------+--------+-----+--------+

Top non-repeatable levels by time:
     D:3: 1299 daAuts
     D:2: 910 daAuts
     D:4: 776 daAuts
     D:1: 702 daAuts
   Sewer: 579 daAuts
     D:5: 85 daAuts
